 Dungeon Crawl Stone Soup version 0.18.1-50-g88ac8fd (webtiles) character file.

599 seyes the Purveyor of Pain (level 7, 21/45 (46) HPs)
             Began as a Demonspawn Necromancer on Nov 11, 2016.
             Was an Initiate of Kikubaaqudgha.
             Quit the game on level 3 of the Dungeon.
             The game lasted 00:48:58 (5608 turns).

seyes the Purveyor of Pain (Demonspawn Necromancer) Turns: 5608, Time: 00:48:59

HP:   21/45 (46)    AC:  8    Str:  9    XL:     7   Next: 17%
MP:   1/13          EV: 12    Int: 18    God:    Kikubaaqudgha [......]
Gold: 140           SH:  0    Dex: 13    Spells: 4 memorised, 5 levels left

rFire  + . .     SeeInvis .     t - +1 short sword (freeze)
rCold  . . .     Gourm    .     a - +0 robe
rNeg   . . .     Faith    .     (no shield)
rPois  .         Spirit   .     (no helmet)
rElec  .         Dismiss  .     e - +1 cloak
rCorr  .         Reflect  .     (no gloves)
SustAt .         Harm     .     (no boots)
MR     .....                    d - amulet of regeneration
Stlth  ++........               (no ring)
                                (no ring)

@: lethally poisoned (21 -> -10), very slightly contaminated, not resistant to
hostile enchantments, unstealthy
A: talons 2, iridescent scales 1, fire resistance 1, powered by death 1
a: Renounce Religion


You were on level 3 of the Dungeon.
You worshipped Kikubaaqudgha.
Kikubaaqudgha was noncommittal.
You were not hungry.

You visited 1 branch of the dungeon, and saw 6 of its levels.

You collected 265 gold pieces.
You spent 125 gold pieces at shops.

Inventory:

Hand Weapons
 h - a +0 hunting sling
 i - a +0 dagger
 m - a +0 dagger
 r - a +0 mace
 t - a +1 short sword of freezing (weapon)
Missiles
 o - 26 sling bullets
 s - 168 stones (quivered)
 A - 3 needles of paralysis
Armour
 a - a +0 robe (worn)
 e - a +1 cloak (worn)
 k - a +0 pair of boots
Jewellery
 d - an amulet of regeneration (around neck)
 x - an uncursed amulet of guardian spirit
Wands
 y - a wand of flame (19/48)
Scrolls
 j - a scroll of identify
 u - 4 scrolls of teleportation
 w - a scroll of remove curse
 C - a scroll of blinking
Potions
 f - 2 potions of berserk rage {unknown}
 g - 3 potions of degeneration {unknown}
 l - 2 potions of curing
 n - a potion of heal wounds {unknown}
 p - a potion of agility {unknown}
 q - a potion of mutation {unknown}
 v - 3 potions of resistance {unknown}
Books
 b - a book of Necromancy

   Spells                             Type                      Level
   a - Pain                           Necromancy                   1
   b - Animate Skeleton               Necromancy                   1
   c - Vampiric Draining              Necromancy                   3
   d - Regeneration                   Charms/Necromancy            3
   e - Animate Dead                   Necromancy                   4
   f - Control Undead                 Necromancy                   4
Comestibles
 z - 2 meat rations


   Skills:
 - Level 1.7 Dodging
 - Level 1.7 Stealth
 + Level 4.2 Spellcasting
 + Level 8.4 Necromancy


You had 5 spell levels left.
You knew the following spells:

 Your Spells              Type           Power        Failure   Level  Hunger
p - Pain                  Necr           ####         1%          1    None
A - Animate Skeleton      Necr           N/A          1%          1    None
C - Control Undead        Necr           ####......   4%          4    ####...
V - Vampiric Draining     Necr           ####......   1%          3    ###....


Dungeon Overview and Level Annotations

Branches:
Dungeon (6/15)
 Temple: D:4-7

Altars:
Elyvilon
Kikubaaqudgha

Shops:
D:4 ?*%

Annotations:
D:3 Dowan, Duvessa


Innate Abilities, Weirdness & Mutations

You have razor-sharp toenails.
You are partially covered in iridescent scales (AC +4).
Your flesh is heat resistant.
You regenerate a little health from kills.


Message History

You feel life coursing into your body.
You feel sick. Duvessa misses you. Duvessa hits you but does no damage.
You are lethally poisoned!
Casting: Vampiric Draining
Confirm with . or Enter, or press ? or * to list all spells.
Aiming: Vampiric Draining
Press: ? - help, Shift-Dir - straight line, f/p - Duvessa
Aim: Duvessa, wielding a short sword of venom (heavily wounded, fast) Duvessa is severely wounded.
You feel life coursing into your body.
You feel very sick.
Duvessa hits you with a short sword of venom.
You are more poisoned.
Dowan barely misses you.
Read which item? (? for menu, Esc to quit)
Blink to where?
Press: ? - help, Dir - move target cursor, p - Duvessa
Okay, then.
Unknown command.
Are you sure you want to abandon this character and quit the game? (Confirm with "yes".)

#.# ############# #.#
#...........#
.[###################.#)#######.#
................................#
..###......###..........#########
..# #......# #.####.............#
..####..#..###.####.#.#.#######.#
..#.#..#_#..##.##...............#
....#...#...##.#@.....#.........#
#.#.#...........ee#..........##.#
....#.#.#.####.##.#......##..##.#
.................>#......##..##.#
........#.#..#....#.....###..##.#
...##.#.........#.....).# #..##.#
...##.##..#....##.#.....###..##.#
...##.###.....###.#..........##.#
...##.#.##...##.#.#.....###.###.#


You could see Duvessa and Dowan.

Vanquished Creatures
  An orc warrior (D:3)
  A scorpion (D:4)
  Crazy Yiuf (D:2)
  2 orc priests
  Natasha (thrice) (D:2 D:3)
  2 worker ants (D:4)
  2 orc wizards
  2 gnolls (D:3)
  3 adders (D:2)
  An ooze (D:3)
  4 worms
  4 dart slugs
  2 giant geckos
  9 orcs
  2 ball pythons (D:2)
  4 bats
  4 giant cockroaches
  6 goblins
  4 hobgoblins
  A jackal (D:4)
  2 quokkas
  2 giant newts
  4 kobolds
  10 rats
76 creatures vanquished.

Vanquished Creatures (collateral kills)
  A scorpion (D:5)
  A centaur skeleton (D:5)
  An adder (D:3)
  A gnoll (D:3)
  A dart slug (D:2)
  An orc (D:5)
  A ball python (D:2)
  A hobgoblin (D:3)
  A quokka (D:2)
  A bat (D:2)
  A jackal zombie (D:5)
  3 rats
14 creatures vanquished.

Vanquished Creatures (others)
  A withered plant (D:6)
1 creature vanquished.

Grand Total: 91 creatures vanquished

Notes
Turn   | Place    | Note
--------------------------------------------------------------
     0 | D:1      | seyes the Demonspawn Necromancer began the quest for the Orb.
     0 | D:1      | Reached XP level 1. HP: 13/13 MP: 3/3
     2 | D:1      | Learned a level 1 spell: Animate Skeleton
   378 | D:1      | Gained mutation: You regenerate a little health from kills. [demonic ancestry]
   378 | D:1      | Reached XP level 2. HP: 19/19 MP: 3/5
   456 | D:1      | Reached skill level 5 in Necromancy
  1211 | D:2      | Gained mutation: You have sharp toenails. [demonic ancestry]
  1211 | D:2      | Reached XP level 3. HP: 24/24 MP: 0/6
  1227 | D:2      | Learned a level 3 spell: Vampiric Draining
  1483 | D:2      | Noticed Natasha
  1486 | D:2      | Killed Natasha
  1486 | D:2      | Reached skill level 6 in Necromancy
  1486 | D:2      | Gained mutation: You are partially covered in iridescent scales (AC +4). [demonic ancestry]
  1486 | D:2      | Reached XP level 4. HP: 21/30 MP: 0/7
  1627 | D:2      | Noticed Crazy Yiuf
  1646 | D:2      | Killed Crazy Yiuf
  1756 | D:2      | Noticed Natasha
  1761 | D:2      | Killed Natasha
  1801 | D:1      | Gained mutation: You have razor-sharp toenails. [demonic ancestry]
  1801 | D:1      | Reached XP level 5. HP: 34/35 MP: 3/8
  1846 | D:2      | Reached skill level 7 in Necromancy
  2519 | D:3      | Noticed an orc warrior
  2661 | D:3      | Noticed Natasha
  2668 | D:3      | Killed Natasha
  2902 | D:3      | Gained mutation: Your flesh is heat resistant. [demonic ancestry]
  2902 | D:3      | Reached XP level 6. HP: 40/41 MP: 1/10
  3529 | D:3      | Killed an orc warrior
  3631 | D:3      | Found a faded altar to an unknown god.
  3982 | D:3      | You fall through a shaft for 3 floors!
  4079 | D:6      | Found an ancient bone altar of Kikubaaqudgha.
  4096 | D:6      | Reached skill level 8 in Necromancy
  4214 | D:6      | Became a worshipper of Kikubaaqudgha
  4279 | D:5      | Entered Level 5 of the Dungeon
  4370 | D:5      | Learned a level 4 spell: Control Undead
  4495 | D:4      | Reached XP level 7. HP: 44/46 MP: 8/13
  4560 | D:4      | Found Jesupyh's General Store.
  4569 | D:4      | Bought a scroll of identify for 28 gold pieces
  4636 | D:4      | Noticed Duvessa
  4637 | D:4      | Noticed Dowan
  4954 | D:4      | Found Totwaoff's Magic Scroll Emporium.
  4963 | D:4      | Bought a scroll of blinking for 97 gold pieces
  5053 | D:4      | Found a white marble altar of Elyvilon.
  5337 | D:4      | Found Nocless's Food Shop.
  5343 | D:4      | Noticed a hungry ghost
  5608 | D:3      | Quit the game

Skill      XL: |  1  2  3  4  5  6 |
---------------+-------------------+-----
Necromancy     | 5 6 7 8 |  8.4
Spellcasting   | 4 |  4.2
Dodging        | |  1.7
Stealth        | |  1.7

Action                   |  1- 3 |  4- 6 |  7- 9 || total
-------------------------+-------+-------+-------++-------
Melee: Mace              |    15 |    43 |       ||    58
       Unarmed           |     1 |       |       ||     1
       Kick              |       |     4 |       ||     4
       Short sword       |       |       |     1 ||     1
 Fire: Hunting sling     |       |       |     1 ||     1
Throw: Stone             |    29 |    40 |     1 ||    70
 Cast: Pain              |    69 |    77 |     9 ||   155
       Animate Skeleton  |    11 |    17 |     1 ||    29
       Vampiric Draining |     1 |    16 |     4 ||    21
       Control Undead    |       |     3 |     6 ||     9
Evoke: Wand              |       |     5 |       ||     5
  Use: Scroll            |     3 |     5 |     3 ||    11
       Potion            |       |     2 |       ||     2
  Eat: Chunk             |     3 |     8 |     1 ||    12
       Pizza             |       |     2 |       ||     2
       Beef jerky        |       |     1 |     1 ||     2
       Bread ration      |       |       |     1 ||     1
Armor: Robe              |     4 |    24 |     5 ||    33
Dodge: Dodged            |    12 |    29 |     7 ||    48
